 Dungeon Crawl Stone Soup version 0.28.0-43-g3370ac3207 (webtiles) character file.

Game seed: 4928333844960590166

2170 DemonSlayer the Thaumaturge (level 9, 0/69 HPs)
             Began as a Deep Elf Fire Elementalist on Mar 14, 2022.
             Was an Initiate of Cheibriados.
             Succumbed to a water moccasin's poison
             ... on level 5 of the Dungeon.
             The game lasted 00:27:45 (10671 turns).

DemonSlayer the Thaumaturge (DEFE)                 Turns: 10671, Time: 00:27:46

Health: 0/69       AC: 24    Str:  6    XL:     9   Next: 11%
Magic:  6/25       EV:  2    Int: 26    God:    Cheibriados [......]
Gold:   192        SH:  0    Dex: 16    Spells: 11/28 levels left

rFire   . . .      SeeInvis .   i - +3 war axe
rCold   . . .      Faith    .   (no shield)
rNeg    . . .      Spirit   .   (armour currently unavailable)
rPois   +          Reflect  .   (helmet currently unavailable)
rElec   .          Harm     .   (cloak currently unavailable)
rCorr   .          Rampage  .   (gloves currently unavailable)
Will    +....      NoTele   +   (boots currently unavailable)
Stlth   +++.......              (no amulet)
HPRegen 0.21/turn               t - +4 ring of slaying
MPRegen 0.19/turn               (no ring)

@: mighty, lethally poisoned (0 -> -2), tree-form, very slow
A: stationary, stasis, torment immunity, boosted hp, strong-willed 1, mutation
resistance 1
a: Renounce Religion


You were on level 5 of the Dungeon.
You worshipped Cheibriados.
Cheibriados was noncommittal.
You were a tree.
You visited 2 branches of the dungeon, and saw 7 of its levels.
You also visited: Sewer.

You collected 367 gold pieces.
You spent 175 gold pieces at shops.

Inventory:

Hand Weapons
 i - a +3 war axe (weapon)
Missiles
 r - 3 throwing nets
Armour
 j - a +2 leather armour of willpower (melded)
 n - a +0 helmet (melded)
 q - a +0 pair of gloves (melded)
 A - a +2 scale mail of willpower
Jewellery
 t - a +4 ring of slaying (left branch)
 y - a ring of ice
Wands
 k - a wand of polymorph (1)
 o - a wand of iceblast (7)
Scrolls
 b - a scroll of fear {unknown}
 c - 2 scrolls of teleportation {unknown}
 d - a scroll of magic mapping
 g - a scroll of amnesia
 p - a scroll of summoning
 u - 2 scrolls of identify
 v - a scroll of torment {unknown}
 w - 4 scrolls of vulnerability
 x - a scroll of silence {unknown}
 B - a scroll of immolation {unknown}
Potions
 e - 2 potions of lignification
 f - 5 potions of might
 h - a potion of heal wounds {unknown}
 l - 2 potions of mutation
 m - a potion of ambrosia {unknown}
 s - a potion of brilliance {unknown}
 z - a potion of magic {unknown}


   Skills:
 + Level 0.5 Fighting
 + Level 0.2 Axes
 + Level 2.0 Armour
 + Level 3.7 Dodging
 + Level 4.2 Stealth
 + Level 10.2 Spellcasting
 + Level 4.2 Conjurations
 + Level 8.5 Fire Magic


You had 11 spell levels left.
You knew the following spells:

 Your Spells              Type           Power      Damage    Failure   Level
a - Foxfire               Conj/Fire      100%       2x1d9     1%          1
b - Scorch                Fire           100%       2d10      1%          2
c - Searing Ray           Conj           70%        2d7       1%          2
d - Conjure Flame         Conj/Fire      46%        6-21      1%          3
e - Fulminant Prism       Conj/Hex       12%        3d9       19%         4
f - Dazzling Flash        Conj/Hex       48%        N/A       5%          3
g - Blink                 Tloc           26%        N/A       7%          2

Your spell library contained the following spells:

 Spells                   Type           Power      Damage    Failure   Level
 Magic Dart               Conj           100%       1d8       1%          1
 Inner Flame              Hex/Fire       35%        N/A       2%          3
 Flame Wave               Conj/Fire      46%        2d10      3%          4
 Lesser Beckoning         Tloc           13%        N/A       14%         3
 Iskenderun's Mystic Bla  Conj/Tloc      24%        2d7       19%         4
 Starburst                Conj/Fire      23%        6d8       45%         6
 Manifold Assault         Tloc           13%        N/A       77%         5


Dungeon Overview and Level Annotations

Branches:
Dungeon (6/15)             Temple (1/1) D:6           Sewer (visited)

Altars:
Ashenzari
Cheibriados
Dithmenos
Elyvilon
Fedhas
Gozag
Hepliaklqana
Kikubaaqudgha
Nemelex Xobeh
Okawaru
Qazlal
Ru
Trog
Uskayaw
Vehumet
Wu Jian
Xom
Zin
The Shining One

Shops:
D:1 [[(*   D:4 =   D:6 *

Annotations:
D:4 1 runed translucent door, pkoi's ghost, amateur DrMo


Innate Abilities, Weirdness & Mutations

You are a tree.
Your roots penetrate the ground, keeping you stationary.
You cannot be teleported.
You are immune to unholy pain and torment.
Your maximum health is greatly increased.
Your equipment is partially melded.
You are strong-willed. (Will+)
You are somewhat resistant to further mutation.


Message History

You feel very sick.
The water moccasin barely misses you. x2
You slash the water moccasin!
The water moccasin is heavily wounded.
You feel sick. The water moccasin closely misses you.
The water moccasin barely misses you.
You closely miss the water moccasin.
The water moccasin is heavily wounded.
You feel sick. The water moccasin bites you. x2
* * * LOW HITPOINT WARNING * * *
You barely miss the water moccasin.
The water moccasin is heavily wounded.
You feel sick.
The water moccasin bites you but does no damage.
The water moccasin barely misses you.
You barely miss the water moccasin.
The water moccasin is heavily wounded.
You feel sick. The water moccasin closely misses you.
The water moccasin bites you.
* * * LOW HITPOINT WARNING * * *
It was a potion of lignification.
You turn into a tree.
Your +0 helmet melds into your body.
Your +0 pair of gloves melds into your body.
Your +2 leather armour of willpower melds into your body.
You feel less strong-willed.
Your roots penetrate the ground.
The water moccasin bites you but does no damage.
You closely miss the water moccasin.
The water moccasin is heavily wounded.
You feel sick. The water moccasin bites you.
* * * LOW HITPOINT WARNING * * *
The water moccasin bites you.
* * * LOW HITPOINT WARNING * * *
The water moccasin bites you but does no damage.
Unknown command.
Unknown command.
Unknown command.
Unknown command.
It was a potion of mutation.
You feel extremely strange.
You feel strong-willed.
You feel genetically stable.
You die...

#.###.##.# ##'##
#........# ####.##
#.###.##.# #.....#
#........###.##..#
#.###..[.........#####
#.# ####.###.........#
#.# #.# #.....#....
#.######.# ###..##...#
#...S♣†..# #..###.##
########## #......#
##.##### ###########
#.###### #.........#
#.#..... #.#######.#
#.#.#### #.# #.# #.#.#
# #.# #####.#####
#.#.#### #.#
#.........# #.#.#...


You could see a water moccasin.

Vanquished Creatures
  Pikel (D:6)
  Duvessa (D:6)
  2 water moccasins
  An orc warrior (D:6)
  2 black bears
  2 centaurs
  A lemure (D:6)
  A gnoll sergeant (D:4)
  A scorpion (D:6)
  Dowan (D:6)
  2 water moccasin skeletons
  A bullfrog zombie (D:6)
  2 jellies
  4 hounds
  2 bullfrog skeletons
  3 iguanas
  Ijyb (D:3)
  An orc wizard (D:6)
  Natasha (thrice) (D:3)
  A killer bee zombie (D:6)
  3 gnolls (D:4)
  A howler monkey skeleton (D:5)
  11 adders
  A shadow imp (D:6)
  A white imp (D:6)
  An ufetubus (D:6)
  An adder skeleton (D:4)
  5 worms
  10 orcs
  6 endoplasms
  2 giant cockroaches
  11 hobgoblins
  4 jackals (D:5)
  4 quokkas
  9 ball pythons
  5 bats
  2 frilled lizards
  4 goblins
  3 kobolds
  5 rats
122 creatures vanquished.

Vanquished Creatures (others)
  394 foxfires
394 creatures vanquished.

Grand Total: 516 creatures vanquished

Notes
Turn   | Place    | Note
-------+----------+-------------------------------------------
     0 | D:1      | DemonSlayer the Deep Elf Fire Elementalist began the quest
                  | for the Orb.
     0 | D:1      | Reached XP level 1. HP: 10/10 MP: 6/6
   354 | D:1      | Found Eruyn's Antique Armour Boutique.
   403 | D:1      | Found Mantior's Antique Weapon Boutique.
   488 | D:1      | Found Kirph's Antique Armour Boutique.
   509 | D:1      | Reached XP level 2. HP: 15/15 MP: 2/8
   590 | D:1      | Learned a level 2 spell: Scorch
   696 | D:1      | Found Gaiguv's General Store.
  1258 | D:1      | Learned a level 2 spell: Searing Ray
  1303 | D:2      | Reached XP level 3. HP: 19/19 MP: 0/9
  2068 | D:2      | Learned a level 3 spell: Conjure Flame
  2277 | D:3      | Noticed Natasha
  3093 | D:3      | Reached XP level 4. HP: 24/24 MP: 5/11
  3363 | D:3      | Noticed Ijyb
  3673 | D:3      | Killed Ijyb
  3674 | D:3      | Reached skill level 4 in Spellcasting
  3878 | D:3      | Found a sacrificial altar of Ru.
  4132 | D:3      | Found an ancient bone altar of Kikubaaqudgha.
  4144 | D:3      | Reached XP level 5. HP: 28/28 MP: 6/13
  4149 | D:3      | Learned a level 4 spell: Fulminant Prism
  4705 | D:3      | Killed Natasha
  4769 | D:3      | Noticed Natasha
  4773 | D:3      | Killed Natasha
  4876 | D:3      | Noticed Natasha
  4881 | D:3      | Killed Natasha
  4882 | D:3      | Reached skill level 5 in Spellcasting
  5031 | D:4      | Noticed a +0 short sword
  5031 | D:4      | Noticed a +0 dagger
  5031 | D:4      | Noticed a +0 short sword
  5032 | D:4      | Noticed a +0 falchion
  5032 | D:4      | Noticed a +0 spear
  5035 | D:4      | Noticed a +0 falchion
  5153 | D:4      | Found Oroefe Lexa's Jewellery Shop.
  5327 | D:4      | Reached XP level 6. HP: 32/32 MP: 8/15
  5331 | D:4      | Reached skill level 5 in Fire Magic
  5685 | D:1      | Bought a +0 pair of gloves for 58 gold pieces
  5685 | D:1      | Bought a scroll of identify for 26 gold pieces
  5685 | D:1      | Bought a potion of might for 52 gold pieces
  5685 | D:1      | Bought a throwing net for 39 gold pieces
  5814 | D:4      | Found a runed translucent door.
  5816 | D:4      | Noticed pkoi's ghost (amateur DrMo)
  6233 | D:4      | Reached skill level 6 in Spellcasting
  6234 | D:4      | Reached skill level 1 in Armour
  6295 | D:4      | Noticed a +0 spear
  6297 | D:4      | Noticed a +0 dagger
  6302 | D:4      | Found a hide-covered altar of Uskayaw.
  6546 | D:5      | Entered Level 5 of the Dungeon
  6551 | D:5      | Learned a level 3 spell: Dazzling Flash
  6554 | D:5      | Learned a level 2 spell: Blink
  6637 | D:5      | Reached XP level 7. HP: 36/36 MP: 13/18
  7042 | D:5      | Reached skill level 7 in Spellcasting
  7929 | D:6      | Found a glowing drain.
  7933 | Sewer    | Entered a sewer
  8344 | D:6      | Reached XP level 8. HP: 41/41 MP: 16/21
  8439 | D:6      | Noticed Pikel
  8479 | D:6      | Killed Pikel
  8480 | D:6      | Reached skill level 9 in Spellcasting
  8870 | D:6      | Found Peiptech's Lightly-Used Armoury.
  8993 | D:6      | Found a staircase to the Ecumenical Temple.
  9000 | D:6      | Noticed Duvessa
  9000 | D:6      | Noticed Dowan
  9014 | D:6      | Killed Duvessa
  9017 | Temple   | Entered the Ecumenical Temple
  9120 | Temple   | Became a worshipper of Cheibriados the Contemplative
  9229 | D:6      | Killed Dowan
 10243 | D:6      | HP: 2/42 [black bear (11)]
 10566 | D:6      | Reached XP level 9. HP: 46/46 MP: 19/24
 10639 | D:6      | Reached skill level 10 in Spellcasting
 10670 | D:5      | HP: 1/69 [water moccasin (3)]
 10671 | D:5      | Gained mutation: You are strong-willed. (Will+) [potion of
                  | mutation]
 10671 | D:5      | Gained mutation: You are somewhat resistant to further
                  | mutation. [potion of mutation]
 10671 | D:5      | Succumbed to a water moccasin's poison

Illustrated notes

Levels and vault maps discovered:
D:1:      wander_arrival_chamber, layout_basic, serial_shops, shop, shop,
          nicolae_shop_hallway_plus, shop
D:2:      layout_basic
D:3:      layout_basic, lemuel_tele_altar, mainiacjoe_overflow_six_doors_small,
          uniq_natasha, uniq_ijyb
D:4:      layout_gridville, nicolae_uskayaw_en_pointe, gammafunk_ghost_grave,
          serial_shops, nicolae_shop_crystal
D:5:      layout_loops_corners, minivault_23
D:6:      layout_layer_cave, minmay_temple_entry_steel_oval,
          gup_sewer_entry_spiral, minmay_shop_damaged, minmay_joined_circles,
          uniq_pikel, uniq_duvessa
Temple:   kb_temple_of_zot

Skill      XL: |  1  2  3  4  5  6  7  8  9 |
---------------+----------------------------+-----
Conjurations   | 2 3 4 |  4.2
Fire Magic     | 4 5 6 8 |  8.5
Stealth        | 3 4 |  4.2
Spellcasting   | 4 5 6 7 9 10 | 10.2
Armour         | 1 2 |  2.0
Dodging        | 3 |  3.7
Fighting       | |  0.5
Axes           | |  0.2

Action                   |  1- 3 |  4- 6 |  7- 9 || total
-------------------------+-------+-------+-------++-------
Melee: War axe           |     2 |     8 |    12 ||    22
       Unarmed           |       |     7 |       ||     7
 Cast: Foxfire           |   115 |   110 |     9 ||   234
       Scorch            |     5 |    31 |    86 ||   122
       Searing Ray       |       |     1 |     5 ||     6
       Conjure Flame     |       |       |     4 ||     4
       Dazzling Flash    |       |       |     3 ||     3
  Use: Scroll            |       |     4 |     6 ||    10
       Potion            |       |       |     6 ||     6
Armor: Leather armour    |       |     6 |    39 ||    45
       Skin              |       |     1 |     2 ||     3
       Robe              |       |     1 |       ||     1
Dodge: Dodged            |     5 |    10 |    74 ||    89
